[Event "Titled Tuesday Blitz July 4 Early 2023"]
[White "Korpics, Zsolt"]
[Black "Womacka, Mathias"]
[WhiteFideId "705241"]
[BlackFideId "4611390"]
[WhiteElo "2356"]
[BlackElo "2516"]
[Result "0-1"]
[Round "6"]
[TimeControl "180+2"]
[Date "2023.07.04"]
[WhiteClock "0:00:05"]
[BlackClock "0:00:16"]
[Board "148"]

1. e4 c5 2. Nf3 d6 3. d4 cxd4 4. Nxd4 Nf6 5. Nc3 a6 6. h3 e6 7. g4 b5 8. g5 Nfd7 9. Bg2 Bb7 10. O-O Nc6 11. Be3 Be7 12. h4 Rc8 13. Qh5 O-O 14. Qe2 Nb6 15. Nxc6 Bxc6 16. b3 Bb7 17. Nd1 Qc7 18. Rc1 Rfe8 19. f4 d5 20. e5 Ba3 21. Rb1 Bc5 22. c3 Red8 23. Bd4 Bxd4+ 24. cxd4 b4 25. Ne3 Qc3 26. Rbd1 a5 27. f5 Ba6 28. Qf2 Bxf1 29. Bxf1 a4 30. h5 axb3 31. axb3 Qxb3 32. h6 Rc3 33. Re1 Nc4 34. Bxc4 dxc4 35. g6 Rxe3 36. gxf7+ Kxf7 37. fxe6+ Kxe6 38. Rxe3 Qd1+ 39. Kg2 Qg4+ 40. Rg3 Qxd4 41. Qxd4 Rxd4 42. hxg7 Rd8 43. g8=Q+ Rxg8 44. Rxg8 b3 45. Rb8 Kxe5 46. Kf3 Kd4 47. Ke2 Kc3 48. Kd1 b2 49. Rb7 h5 50. Rb8 h4 51. Ke2 Kc2 52. Ke3 c3 53. Kd4 b1=Q 54. Rxb1 Kxb1 55. Kxc3 h3 56. Kd3 h2 57. Ke2 h1=Q 58. Kf2 Qh3 0-1


[Site "https://www.chess.com"]

[Event "Titled Tuesday Blitz July 4 Early 2023"]
[White "Toolin, Christopher"]
[Black "Rangel, Daniel"]
[WhiteFideId "2024543"]
[BlackFideId "2124475"]
[WhiteElo "2347"]
[BlackElo "2512"]
[Result "1-0"]
[Round "6"]
[TimeControl "180+2"]
[Date "2023.07.04"]
[WhiteClock "0:02:08"]
[BlackClock "0:02:11"]
[Board "149"]

1. d4 Nf6 2. c4 e6 3. Nf3 d5 4. Nc3 Be7 5. Bf4 a6 6. cxd5 exd5 7. e3 O-O 8. Bd3 b5 9. O-O Nbd7 10. h3 Bb7 11. Rc1 c5 12. dxc5 Nxc5 13. Bb1 Re8 14. Nd4 Bf8 15. Qc2 Nfe4 16. Rfd1 Rc8 17. f3 Qf6 18. fxe4 Nxe4 19. Nxe4 Rxe4 20. Qf2 Bc5 21. Bxe4 dxe4 22. Nb3 Bb6 23. Rxc8+ Bxc8 24. Rd6 1-0


[Site "https://www.chess.com"]

[Event "Titled Tuesday Blitz July 4 Early 2023"]
[White "Dwilewicz, Katarzyna"]
[Black "Kirillov, Dmitry"]
[WhiteFideId "1148486"]
[BlackFideId "34180572"]
[WhiteElo "2342"]
[BlackElo "2509"]
[Result "0-1"]
[Round "6"]
[TimeControl "180+2"]
[Date "2023.07.04"]
[WhiteClock "0:00:00"]
[BlackClock "0:01:39"]
[Board "150"]

1. e4 e5 2. Nf3 Nc6 3. Bc4 Nf6 4. d3 Bc5 5. O-O O-O 6. h3 h6 7. c3 d6 8. Nbd2 a6 9. Bb3 Ba7 10. Re1 Ne7 11. Nf1 Ng6 12. Ng3 c6 13. Be3 Nf4 14. d4 Qe7 15. Bxf4 exf4 16. Nf5 Bxf5 17. exf5 Qd7 18. Qd3 Rfe8 19. Kh2 d5 20. Ne5 Qd6 21. Qf3 Ne4 22. Qxf4 f6 23. Rxe4 Kh7 24. Re3 fxe5 25. dxe5 Bxe3 26. fxe3 Qxe5 27. Qxe5 Rxe5 28. Re1 Rae8 29. Bc2 Rxe3 30. f6+ Kg8 31. Rf1 Rf8 32. g4 Rxf6 33. Bf5 g6 34. Bd3 Rxf1 35. Bxf1 Re1 36. Kg2 Rb1 37. b3 Rb2+ 38. Kf3 Rxa2 39. Bd3 Kg7 40. Ke3 Rb2 41. b4 Rh2 42. Kd4 Rxh3 0-1


[Site "https://www.chess.com"]

[Event "Titled Tuesday Blitz July 4 Early 2023"]
[White "Shapiro, Daniel"]
[Black "Korkmaz, Necmettin"]
[WhiteFideId "2001780"]
[BlackFideId "6303285"]
[WhiteElo "2334"]
[BlackElo "2508"]
[Result "0-1"]
[Round "6"]
[TimeControl "180+2"]
[Date "2023.07.04"]
[WhiteClock "0:00:00"]
[BlackClock "0:01:43"]
[Board "151"]

1. d4 d5 2. c4 c6 3. Nf3 Nf6 4. Qb3 dxc4 5. Qxc4 Bf5 6. Nc3 Nbd7 7. g3 e6 8. Bg2 Be7 9. Qb3 Nb6 10. O-O O-O 11. Rd1 Ne4 12. Nd2 Nxf2 13. Kxf2 Qxd4+ 14. e3 Qf6 15. Kg1 Bc5 16. Nde4 Qe5 17. Nxc5 Qxc5 18. Bd2 Rad8 19. Na4 Nxa4 20. Qxa4 Bc2 21. Qf4 Bxd1 22. Rxd1 Qc2 0-1


[Site "https://www.chess.com"]

[Event "Titled Tuesday Blitz July 4 Early 2023"]
[White "Keleberda, Tymur"]
[Black "Castillo Sevilla, Ian Eiffel"]
[WhiteFideId "14174294"]
[BlackFideId "6104207"]
[WhiteElo "2499"]
[BlackElo "2316"]
[Result "0-1"]
[Round "6"]
[TimeControl "180+2"]
[Date "2023.07.04"]
[WhiteClock "0:00:19"]
[BlackClock "0:00:07"]
[Board "152"]

1. e4 c5 2. Nf3 g6 3. d4 cxd4 4. Qxd4 Nf6 5. e5 Nc6 6. Qh4 Nxe5 7. Nxe5 Qa5+ 8. Nd2 Qxe5+ 9. Be2 Bg7 10. Nf3 Qc7 11. O-O O-O 12. Bd3 d6 13. Bh6 Bg4 14. Bxg7 Kxg7 15. Qg3 Bxf3 16. Qxf3 Nd7 17. Qe2 Ne5 18. Be4 Rac8 19. f4 Nd7 20. b3 Nf6 21. Bd3 Qc5+ 22. Kh1 Rc7 23. c4 a6 24. Rad1 Rb8 25. f5 b5 26. cxb5 axb5 27. Qd2 Qc3 28. Qg5 Rc5 29. Qe3 Re5 30. Qf2 Qc5 31. Qg3 Ra8 32. fxg6 hxg6 33. Rf2 Rg5 34. Qf3 Rh8 35. Rdf1 Qe5 36. h3 Rg3 37. Qb7 Rxd3 38. a4 bxa4 39. bxa4 Ra3 40. Qc6 Rh4 41. a5 Rxa5 42. Qb7 Ra1 43. Rf3 Rha4 44. Qc7 Rxf1+ 45. Rxf1 Ra1 46. Rxa1 Qxa1+ 47. Kh2 Qe5+ 48. Kg1 Ne4 49. Qb8 Qd4+ 50. Kh2 Qe5+ 51. Kg1 g5 52. Qc7 f6 53. Qb8 d5 54. Qd8 d4 55. Kf1 Ng3+ 56. Kf2 Qe3# 0-1


[Site "https://www.chess.com"]

[Event "Titled Tuesday Blitz July 4 Early 2023"]
[White "Yedidia, Daniel"]
[Black "CarolinaLujan"]
[WhiteFideId "30905907"]
[WhiteElo "2494"]
[BlackElo "2302"]
[Result "1-0"]
[Round "6"]
[TimeControl "180+2"]
[Date "2023.07.04"]
[WhiteClock "0:00:38"]
[BlackClock "0:00:45"]
[Board "153"]

1. d4 g6 2. c4 Nf6 3. Nc3 d5 4. cxd5 Nxd5 5. Bd2 Nb6 6. Bg5 Bg7 7. e3 O-O 8. h3 h6 9. Bh4 g5 10. Bg3 c5 11. Nf3 Nc6 12. dxc5 Bxc3+ 13. bxc3 Qxd1+ 14. Rxd1 Na4 15. Rc1 Be6 16. c4 Nxc5 17. Be2 Rfd8 18. O-O Rac8 19. Rfd1 Ne4 20. Bh2 Na5 21. Rxd8+ Rxd8 22. Nd4 Bd7 23. Bc7 Rc8 24. Bxa5 b6 25. Bb4 e5 26. Nf3 f6 27. Nd2 Nc5 28. Bxc5 bxc5 29. Nb3 f5 30. Rd1 Be6 31. Rd6 Kf7 32. Ra6 Rc7 33. Ra5 Rd7 34. Nxc5 Rd2 35. Rxa7+ Kf6 36. Nxe6 Rxe2 37. Nf8 e4 38. c5 Rc2 39. g3 h5 40. a4 h4 41. gxh4 gxh4 42. a5 f4 43. exf4 Kf5 44. Rf7# 1-0


[Site "https://www.chess.com"]

[Event "Titled Tuesday Blitz July 4 Early 2023"]
[White "Herzog2012"]
[Black "Osinovsky, Stepan"]
[BlackFideId "4157354"]
[WhiteElo "2490"]
[BlackElo "2295"]
[Result "0-1"]
[Round "6"]
[TimeControl "180+2"]
[Date "2023.07.04"]
[WhiteClock "0:00:00"]
[BlackClock "0:00:11"]
[Board "154"]

1. e4 e6 2. Nf3 d5 3. e5 Nc6 4. d4 Nge7 5. Bd3 Nf5 6. c3 b6 7. O-O Nh4 8. Nxh4 Qxh4 9. f4 g6 10. g3 Qh3 11. Be2 h5 12. Bf3 Ne7 13. Bg2 Qg4 14. Qxg4 hxg4 15. Na3 Ba6 16. Re1 Nf5 17. Nc2 c5 18. Ne3 cxd4 19. Nxf5 gxf5 20. cxd4 Bb4 21. Re3 Rc8 22. a3 Be7 23. Bd2 Rc2 24. Bc3 Kd7 25. Rd1 Rc8 26. Rd2 Rc1+ 27. Kf2 Bxa3 28. Re1 Rxe1 29. Kxe1 Be7 30. h3 gxh3 31. Bxh3 Bc4 32. g4 Rh8 33. Bg2 fxg4 34. Kf2 Bh4+ 35. Ke3 Bg3 36. Rd1 Rh2 37. Rg1 a5 38. Bd2 Kc6 39. Bc3 Kb5 40. Bf1 Bf2+ 0-1


[Site "https://www.chess.com"]

[Event "Titled Tuesday Blitz July 4 Early 2023"]
[White "Kohler, Aran"]
[Black "Gheorghiu, Calin"]
[WhiteFideId "1002856"]
[BlackFideId "1200305"]
[WhiteElo "2276"]
[BlackElo "2489"]
[Result "0-1"]
[Round "6"]
[TimeControl "180+2"]
[Date "2023.07.04"]
[WhiteClock "0:00:00"]
[BlackClock "0:00:30"]
[Board "155"]

1. d4 Nf6 2. c3 d5 3. Bg5 Nbd7 4. Nd2 c5 5. e3 e6 6. f4 Bd6 7. Ngf3 O-O 8. Ne5 b6 9. Bd3 Qc7 10. Qf3 Bb7 11. Nxd7 Nxd7 12. Qh3 g6 13. O-O Rfe8 14. Nf3 a6 15. Qh4 f5 16. Ne5 Nxe5 17. fxe5 Be7 18. Bxe7 Qxe7 19. Qh6 b5 20. a3 Rac8 21. Rf3 b4 22. Rg3 bxc3 23. bxc3 cxd4 24. cxd4 Rc3 25. Be2 Rec8 26. h4 Bc6 27. h5 Be8 28. hxg6 hxg6 29. Bh5 Rc1+ 30. Rxc1 Rxc1+ 31. Kh2 Qh7 32. Qxh7+ Kxh7 33. Be2 a5 34. Ba6 Rc3 35. e4 Rxg3 36. Kxg3 fxe4 37. Bc8 Bf7 38. Kf4 Kh6 39. Kg4 g5 40. Kg3 Kg6 41. Bd7 Kf5 42. Bc8 Bh5 43. Bd7 e3 44. Bc8 Ke4 0-1


[Site "https://www.chess.com"]

[Event "Titled Tuesday Blitz July 4 Early 2023"]
[White "tomobeast"]
[Black "Pham, Le Thao Nguyen"]
[BlackFideId "12401226"]
[WhiteElo "2255"]
[BlackElo "2489"]
[Result "0-1"]
[Round "6"]
[TimeControl "180+2"]
[Date "2023.07.04"]
[WhiteClock "0:00:06"]
[BlackClock "0:00:13"]
[Board "156"]

1. e4 c5 2. Nf3 e6 3. d4 cxd4 4. Nxd4 a6 5. Bd3 Nc6 6. Nxc6 dxc6 7. Nd2 e5 8. Nc4 Bd6 9. a4 a5 10. b3 Ne7 11. Bb2 f6 12. O-O Be6 13. Nxd6+ Qxd6 14. Ba3 Qc7 15. Qe2 Ng6 16. g3 O-O-O 17. Bc4 Qd7 18. Rad1 Bxc4 19. Qxc4 Qh3 20. Rd3 Rxd3 21. Qxd3 Rd8 22. Qf3 Nh4 23. Qh1 Qg4 24. f3 Qg6 25. Kf2 Rd2+ 26. Ke1 Rxc2 27. gxh4 Qh6 28. f4 Ra2 29. Bc1 Qxh4+ 30. Kd1 Qh3 31. Qf3 Qxh2 32. Qg4+ Kb8 33. Be3 Qc2+ 34. Ke1 Ra1+ 35. Qd1 Rxd1# 0-1


[Site "https://www.chess.com"]

[Event "Titled Tuesday Blitz July 4 Early 2023"]
[White "Mica, Marek"]
[Black "Nakhbayeva, Guliskhan"]
[WhiteFideId "382884"]
[BlackFideId "13704788"]
[WhiteElo "2487"]
[BlackElo "2230"]
[Result "1/2-1/2"]
[Round "6"]
[TimeControl "180+2"]
[Date "2023.07.04"]
[WhiteClock "0:01:01"]
[BlackClock "0:00:02"]
[Board "157"]

1. d4 e6 2. c4 d5 3. Nf3 a6 4. Bg5 Be7 5. Bxe7 Qxe7 6. g3 Qb4+ 7. Nbd2 dxc4 8. Qc2 b5 9. Bg2 Bb7 10. O-O Nd7 11. a4 Ngf6 12. axb5 axb5 13. Rxa8+ Bxa8 14. b3 cxb3 15. Qxb3 Qxb3 16. Nxb3 O-O 17. Rc1 Bd5 18. Nfd2 Bxg2 19. Kxg2 Rc8 20. Rc6 Nb8 21. Rc5 c6 22. Na5 Nfd7 23. Rc2 Kf8 24. Ndb3 Ke7 25. f4 Kd6 26. e4 Na6 27. Kf3 Nb6 28. Ke3 Kd7 29. Rc1 Na4 30. Nb7 Kc7 31. N7a5 Kb6 32. Rf1 c5 33. dxc5+ N4xc5 34. Rc1 Rc7 35. Rb1 Nxb3 36. Nxb3 b4 37. Nd4 Rc3+ 38. Kd2 Kc5 39. Nc2 Rc4 40. Kd3 Rc3+ 41. Kd2 Rf3 42. Ke2 Rc3 43. Kd2 1/2-1/2


[Site "https://www.chess.com"]

[Event "Titled Tuesday Blitz July 4 Early 2023"]
[White "Reprintsev, Alexander"]
[Black "VoicelessFeather"]
[WhiteFideId "14100541"]
[WhiteElo "2479"]
[BlackElo "2220"]
[Result "1-0"]
[Round "6"]
[TimeControl "180+2"]
[Date "2023.07.04"]
[WhiteClock "0:00:49"]
[BlackClock "0:00:00"]
[Board "158"]

1. e4 e5 2. Nf3 Nc6 3. Bc4 Bc5 4. b4 Bxb4 5. c3 Be7 6. d4 Na5 7. Be2 d6 8. dxe5 dxe5 9. Qxd8+ Bxd8 10. Nxe5 Nf6 11. f3 O-O 12. c4 Re8 13. Bb2 b6 14. Nd2 Be7 15. Nb3 Bb4+ 16. Kf2 Nxb3 17. axb3 Bb7 18. Rhd1 Bxe4 19. fxe4 Nxe4+ 20. Ke3 Nc3 21. Kd3 Rad8+ 22. Kc2 Nxe2 23. Nc6 Rxd1 24. Kxd1 Nc3+ 25. Bxc3 Bxc3 26. Rxa7 h5 27. Rxc7 Re1+ 28. Kc2 Bf6 29. Rb7 Re2+ 30. Kd3 Rxg2 31. Rxb6 Rxh2 32. b4 Rb2 33. b5 h4 34. Ra6 h3 35. Nd4 Rb1 36. Nf3 Rb3+ 37. Ke4 Rc3 38. Rc6 1-0


[Site "https://www.chess.com"]

[Event "Titled Tuesday Blitz July 4 Early 2023"]
[White "Miszler, Levente"]
[Black "Thiel, Thomas"]
[WhiteFideId "763276"]
[BlackFideId "4615964"]
[WhiteElo "2470"]
[BlackElo "2215"]
[Result "0-1"]
[Round "6"]
[TimeControl "180+2"]
[Date "2023.07.04"]
[WhiteClock "0:01:13"]
[BlackClock "0:00:50"]
[Board "159"]

1. e4 d5 2. exd5 Nf6 3. Nc3 Nxd5 4. Nxd5 Qxd5 5. d4 Nc6 6. Nf3 Bg4 7. c3 O-O-O 8. Be2 e5 9. O-O exd4 10. cxd4 Bxf3 11. Bxf3 Qxd4 12. Qb3 Qb4 13. Bxc6 Qxb3 14. axb3 bxc6 15. Rxa7 Bc5 16. Ra4 Kb7 17. Rc4 Bb6 18. Bf4 Rd3 19. Rfc1 Rhd8 20. Kf1 R8d4 21. Ke2 Rxb3 22. Rxd4 Bxd4 23. Rc2 Rxb2 24. Rxb2+ Bxb2 25. Kd3 c5 26. Kc4 Kc6 27. f3 Bd4 28. h4 g6 29. g4 h5 30. gxh5 gxh5 31. Bg3 Bf6 32. Bf2 Be7 33. Bg3 Bd6 34. Bf2 Kd7 35. Kd5 c6+ 36. Ke4 Ke6 37. f4 f5+ 38. Kf3 Kd5 39. Be1 c4 40. Bc3 Ba3 41. Ke3 Bc1+ 42. Kf3 c5 43. Bf6 Bd2 44. Be5 c3 45. Ke2 Ke4 0-1


[Site "https://www.chess.com"]

[Event "Titled Tuesday Blitz July 4 Early 2023"]
[White "Schachpanda_Youtube"]
[Black "Balla, Tamas-Kristof"]
[BlackFideId "1208497"]
[WhiteElo "2204"]
[BlackElo "2469"]
[Result "0-1"]
[Round "6"]
[TimeControl "180+2"]
[Date "2023.07.04"]
[WhiteClock "0:00:04"]
[BlackClock "0:01:22"]
[Board "160"]

1. e4 c5 2. d4 cxd4 3. c3 Nf6 4. e5 Nd5 5. Qxd4 e6 6. Nf3 Nc6 7. Qe4 d6 8. Bb5 Be7 9. c4 Nb6 10. Bxc6+ bxc6 11. Qxc6+ Bd7 12. Qe4 Rc8 13. exd6 Rxc4 14. Qe3 Bxd6 15. O-O O-O 16. b3 Rg4 17. Bb2 Nd5 18. Qd2 Bc6 19. g3 Nf4 20. Qe3 Bc5 21. Qxc5 Bxf3 22. h3 Qh4 23. Nd2 Rxg3+ 24. fxg3 Qxg3# 0-1


[Site "https://www.chess.com"]

[Event "Titled Tuesday Blitz July 4 Early 2023"]
[White "Nunez V, Gustavo Eduardo"]
[Black "Tagliata"]
[WhiteFideId "4403690"]
[WhiteElo "2468"]
[BlackElo "2177"]
[Result "1-0"]
[Round "6"]
[TimeControl "180+2"]
[Date "2023.07.04"]
[WhiteClock "0:01:52"]
[BlackClock "0:01:50"]
[Board "161"]

1. e4 c5 2. Nc3 Nc6 3. g3 g6 4. Bg2 Bg7 5. d3 d6 6. Be3 e5 7. Nh3 Nge7 8. O-O O-O 9. f4 exf4 10. Nxf4 b5 11. Rb1 b4 12. Ncd5 Rb8 13. Qd2 Bd7 14. c4 Nd4 15. Nxe7+ Qxe7 16. Nd5 Qe6 17. Bh6 b3 18. Bxg7 Kxg7 19. a3 Bc6 20. Rf6 Qe5 21. Rbf1 Bxd5 22. exd5 Rbe8 23. Be4 h5 24. Qf2 Nc2 25. Rxf7+ 1-0


[Site "https://www.chess.com"]

[Event "Titled Tuesday Blitz July 4 Early 2023"]
[White "Garcia Almaguer, Juan Manuel"]
[Black "Sanchez, Robert"]
[WhiteFideId "5110491"]
[BlackFideId "2034360"]
[WhiteElo "2465"]
[BlackElo "2155"]
[Result "0-1"]
[Round "6"]
[TimeControl "180+2"]
[Date "2023.07.04"]
[WhiteClock "0:00:12"]
[BlackClock "0:00:17"]
[Board "162"]

1. e4 e6 2. d4 d5 3. Nd2 Nf6 4. e5 Nfd7 5. c3 c5 6. f4 Nc6 7. Ndf3 a5 8. Bb5 cxd4 9. cxd4 Qb6 10. a4 Bb4+ 11. Bd2 Nxd4 12. Bxb4 Nxf3+ 13. Nxf3 axb4 14. Qd2 O-O 15. Qxb4 Qe3+ 16. Be2 Nc5 17. Ra3 Qc1+ 18. Bd1 Rxa4 19. Qd2 Re4+ 20. Kf2 Qxd2+ 21. Nxd2 Rxf4+ 22. Ke3 g5 23. g3 Rb4 24. Nf3 g4 25. Nd2 f5 26. Rf1 Rxb2 27. Rf4 Rd8 28. Rd4 Bd7 29. h3 h5 30. h4 Ne4 31. Nxe4 fxe4 32. Kf4 Kg7 33. Kg5 Be8 34. Ba4 Rf2 0-1


[Site "https://www.chess.com"]

[Event "Titled Tuesday Blitz July 4 Early 2023"]
[White "Sailer, Mike"]
[Black "LangesNasenhaar"]
[WhiteFideId "2012901"]
[WhiteElo "2106"]
[BlackElo "2464"]
[Result "1-0"]
[Round "6"]
[TimeControl "180+2"]
[Date "2023.07.04"]
[WhiteClock "0:00:07"]
[BlackClock "0:00:00"]
[Board "163"]

1. d4 g6 2. Bf4 Bg7 3. e3 d6 4. Nf3 Nd7 5. Be2 e5 6. Bg3 Nh6 7. h3 O-O 8. O-O Qe7 9. c4 c6 10. Nc3 f5 11. b4 Nf7 12. b5 g5 13. bxc6 bxc6 14. d5 c5 15. Nb5 Nf6 16. Nd2 f4 17. exf4 exf4 18. Bh2 a6 19. Nc3 Bf5 20. Re1 Rae8 21. Rc1 Qd7 22. Nf1 Ne5 23. f3 Re7 24. Nd2 Rfe8 25. Nce4 Nxe4 26. Nxe4 Bxe4 27. fxe4 Qc7 28. Bh5 Rf8 29. Bg4 Nxg4 30. Qxg4 Re5 31. Kh1 Qe7 32. Qf3 Re8 33. Rb1 Rxe4 34. Rxe4 Qxe4 35. Qf1 Qe2 36. Qc1 h6 37. Bg1 f3 38. Qf1 fxg2+ 39. Qxg2 Qxg2+ 40. Kxg2 Re2+ 41. Kf3 Rxa2 42. Kg4 Rg2+ 43. Kf5 Rg3 44. Rb8+ Kh7 45. Ke6 Be5 46. Bxc5 Rf3 47. Bxd6 Bxd6 48. Kxd6 Rxh3 49. c5 g4 50. Rb2 g3 51. c6 Rh2 52. Rb1 Rc2 53. Rg1 1-0


[Site "https://www.chess.com"]

[Event "Titled Tuesday Blitz July 4 Early 2023"]
[White "Floresvillar Gonzalez, Luis Migu"]
[Black "Toncheva, Nadya"]
[WhiteFideId "5100542"]
[BlackFideId "2924056"]
[WhiteElo "2089"]
[BlackElo "2462"]
[Result "1-0"]
[Round "6"]
[TimeControl "180+2"]
[Date "2023.07.04"]
[WhiteClock "0:00:22"]
[BlackClock "0:00:16"]
[Board "164"]

1. d4 d5 2. c3 c5 3. Nf3 Nf6 4. Bf4 Nc6 5. e3 Qb6 6. Qb3 c4 7. Qxb6 axb6 8. Nbd2 b5 9. a3 b4 10. cxb4 Nxb4 11. Rc1 Nc6 12. Ne5 Nxe5 13. Bxe5 Bf5 14. Bxf6 gxf6 15. e4 dxe4 16. Bxc4 Bh6 17. Bb5+ Kf8 18. Rc7 Kg7 19. Ke2 Rac8 20. Rhc1 Bg4+ 21. f3 exf3+ 22. gxf3 Bxd2 23. Kxd2 Rxc7 24. Rxc7 Bxf3 25. Rxe7 f5 26. Bc4 Rf8 27. Ke3 Kf6 28. Rc7 Bh1 29. d5 Re8+ 30. Kd4 Re4+ 31. Kc5 f4 32. d6 Rxc4+ 33. Kxc4 f3 34. Kd3 Bg2 35. Ke3 b5 36. Re7 h5 37. Kf2 h4 38. Re3 1-0


[Site "https://www.chess.com"]

[Event "Titled Tuesday Blitz July 4 Early 2023"]
[White "Sanhueza, Cristian"]
[Black "Nan M K Khine Hlyan"]
[WhiteFideId "116815"]
[BlackFideId "13002899"]
[WhiteElo "2454"]
[BlackElo "1766"]
[Result "1-0"]
[Round "6"]
[TimeControl "180+2"]
[Date "2023.07.04"]
[WhiteClock "0:00:51"]
[BlackClock "0:00:24"]
[Board "165"]

1. e4 e5 2. Nf3 Nc6 3. Bc4 Bc5 4. c3 Nf6 5. d4 exd4 6. cxd4 Bb4+ 7. Nc3 Nxe4 8. O-O Bxc3 9. d5 Ne7 10. bxc3 Nd6 11. Qd4 O-O 12. Bd3 Ng6 13. Re1 Re8 14. Bd2 b6 15. h4 Bb7 16. h5 Nf8 17. h6 Qf6 18. hxg7 Qxg7 19. c4 Ng6 20. Qg4 Rxe1+ 21. Rxe1 Re8 22. Rxe8+ Nxe8 23. Qxd7 Nd6 24. Qxc7 Ne5 25. Qd8+ Qf8 26. Qxf8+ Kxf8 27. Nxe5 Ke7 1-0


[Site "https://www.chess.com"]

[Event "Titled Tuesday Blitz July 4 Early 2023"]
[White "Goldin, Roman"]
[Black "ATM622"]
[WhiteFideId "2803860"]
[WhiteElo "2378"]
[BlackElo "2562"]
[Result "0-1"]
[Round "6"]
[TimeControl "180+2"]
[Date "2023.07.04"]
[WhiteClock "0:00:00"]
[BlackClock "0:01:26"]
[Board "166"]

1. Nf3 Nf6 2. e3 e6 3. c4 d5 4. b3 b6 5. Bb2 Bb7 6. Be2 c5 7. O-O Be7 8. cxd5 exd5 9. d4 O-O 10. Nbd2 Nc6 11. Rc1 Rc8 12. dxc5 bxc5 13. Bd3 Bd6 14. a3 Re8 15. Qc2 h6 16. Rfd1 Qe7 17. Nf1 Ne4 18. Ng3 Nxg3 19. hxg3 Ne5 20. Bf5 Nxf3+ 21. gxf3 Rc7 22. Qc3 Qg5 23. f4 d4 24. fxg5 dxc3 25. Bxc3 Bf8 26. gxh6 gxh6 27. Ba5 Rce7 28. Bd8 Re5 29. Bh3 Bf3 30. Rd2 Rd5 31. Rxd5 Bxd5 32. Bf6 Bxb3 33. Bg2 c4 34. Bc6 Re6 0-1


[Site "https://www.chess.com"]

[Event "Titled Tuesday Blitz July 4 Early 2023"]
[White "Shuvalov, Evgenij"]
[Black "Petrova, Irina"]
[WhiteFideId "4187237"]
[BlackFideId "14124122"]
[WhiteElo "2509"]
[BlackElo "2358"]
[Result "1-0"]
[Round "6"]
[TimeControl "180+2"]
[Date "2023.07.04"]
[WhiteClock "0:00:16"]
[BlackClock "0:00:00"]
[Board "167"]

1. d4 d6 2. Nf3 g6 3. c4 Bg7 4. Nc3 Nc6 5. h3 e5 6. d5 Nce7 7. e4 f5 8. Bd3 Nf6 9. O-O O-O 10. Re1 f4 11. c5 h6 12. cxd6 cxd6 13. Nd2 g5 14. Be2 Ng6 15. a4 a6 16. a5 Nh4 17. Nc4 f3 18. Bxf3 Nxf3+ 19. Qxf3 Nxd5 20. Qd1 Nxc3 21. bxc3 Be6 22. Nb6 Rb8 23. Ba3 Qf6 24. Re2 Rbd8 25. Rd2 Qf4 26. Qe2 g4 27. g3 Qf6 28. h4 Bc8 29. Rad1 Rf7 30. Rxd6 Rxd6 31. Rxd6 Qe7 32. Nxc8 Qc7 33. Nb6 Qxc3 34. Rd3 Qxa5 35. Bc5 Qa1+ 36. Kg2 Rc7 37. Be3 a5 38. Nd5 Rf7 39. Qxg4 Qb1 40. Rd2 a4 41. Bxh6 a3 42. Nf6+ Kf8 43. Bxg7+ Rxg7 44. Rd8+ Ke7 45. Rd7+ 1-0


[Site "https://www.chess.com"]

[Event "Titled Tuesday Blitz July 4 Early 2023"]
[White "Gogolev, Artem"]
[Black "Bashirli, Saadat"]
[WhiteFideId "4116615"]
[BlackFideId "13429990"]
[WhiteElo "2494"]
[BlackElo "2343"]
[Result "0-1"]
[Round "6"]
[TimeControl "180+2"]
[Date "2023.07.04"]
[WhiteClock "0:00:00"]
[BlackClock "0:00:57"]
[Board "168"]

1. d4 d5 2. c4 e6 3. g3 c6 4. Bg2 Nf6 5. Nf3 Bd6 6. O-O Nbd7 7. Nbd2 O-O 8. Qc2 Re8 9. Rd1 Bc7 10. e4 dxe4 11. Nxe4 Nxe4 12. Qxe4 Nf6 13. Qc2 h6 14. Re1 Bd7 15. Bd2 c5 16. dxc5 a5 17. Rad1 Qe7 18. Be3 Bc6 19. Nd4 Bxg2 20. Kxg2 Qxc5 21. f3 Qf8 22. Nb5 Rac8 23. Nxc7 Rxc7 24. Bb6 Rc6 25. Bxa5 Qc5 26. Qd2 Qxc4 27. b3 Qa6 28. Rc1 Rd6 29. Qb4 Nd5 30. Qa4 Ra8 31. Bc7 Rc6 32. Qxa6 Raxa6 33. Rxc6 Rxc6 34. Be5 Rc2+ 35. Kh3 Rxa2 36. Rc1 f6 37. Rc8+ Kf7 38. Bd6 Rb2 39. Rf8+ Kg6 40. Re8 e5 41. Rd8 Rxb3 42. Bf8 Nc7 43. Rd7 Ne6 44. Bd6 Rd3 0-1


[Site "https://www.chess.com"]

[Event "Titled Tuesday Blitz July 4 Early 2023"]
[White "Belov, Alexei"]
[Black "Mikhaylova, Irina"]
[WhiteFideId "4128206"]
[BlackFideId "4109040"]
[WhiteElo "2493"]
[BlackElo "2328"]
[Result "1-0"]
[Round "6"]
[TimeControl "180+2"]
[Date "2023.07.04"]
[WhiteClock "0:00:06"]
[BlackClock "0:00:00"]
[Board "169"]

1. e4 c5 2. Nf3 Nc6 3. d4 cxd4 4. Nxd4 e5 5. Nb5 d6 6. Bc4 Be7 7. O-O a6 8. N5c3 Be6 9. Bd5 Nf6 10. a4 O-O 11. Na3 Bxd5 12. exd5 Nb8 13. Nc4 Nbd7 14. a5 b5 15. axb6 Nxb6 16. Na5 Qc7 17. Qd3 Rfc8 18. Rd1 Bf8 19. Bg5 Nfd7 20. Be3 Nc5 21. Qe2 f5 22. h3 g6 23. Kh1 Bg7 24. g4 f4 25. Bxc5 Qxc5 26. f3 Nc4 27. Nxc4 Qxc4 28. Rd3 Bf8 29. Ra4 Qc7 30. Qe4 Be7 31. Kg2 Rcb8 32. Rc4 Qd8 33. b3 Bf8 34. Rc6 Qh4 35. Ne2 a5 36. Rd1 a4 37. bxa4 Rb2 38. Rc7 Ra2 39. Nxf4 R2xa4 40. Rc4 Rxc4 41. Qxc4 exf4 42. Qxf4 Re8 43. Rd2 Qe1 44. Rf2 Re2 45. Qg3 Qd1 46. Rxe2 Qxe2+ 47. Qf2 Qe5 48. c4 Bg7 49. Qc2 Qd4 50. Qe4 Be5 51. Qxd4 1-0


[Site "https://www.chess.com"]

[Event "Titled Tuesday Blitz July 4 Early 2023"]
[White "Melikhov, Evgeny V."]
[Black "Devaev, Alexander"]
[WhiteFideId "4122046"]
[BlackFideId "4169395"]
[WhiteElo "2382"]
[BlackElo "2475"]
[Result "1-0"]
[Round "6"]
[TimeControl "180+2"]
[Date "2023.07.04"]
[WhiteClock "0:00:10"]
[BlackClock "0:00:00"]
[Board "170"]

1. d4 Nf6 2. c4 e6 3. Nc3 Bb4 4. Qc2 d5 5. cxd5 exd5 6. Bg5 O-O 7. a3 Bxc3+ 8. Qxc3 c6 9. e3 h6 10. Bxf6 Qxf6 11. Nf3 Nd7 12. Be2 a5 13. O-O Qe7 14. b4 Nf6 15. Rfc1 Ne4 16. Qb2 Bg4 17. Ne5 Bxe2 18. Qxe2 axb4 19. axb4 Rxa1 20. Rxa1 Qxb4 21. Qc2 Nd6 22. Rb1 Qa5 23. Qc5 Qxc5 24. dxc5 Nb5 25. Nf3 Ra8 26. Nd4 Nc3 27. Rc1 Ne4 28. f3 Nf6 29. Rb1 Ra7 30. h4 Nd7 31. Nb3 h5 32. Kf2 Kf8 33. g4 hxg4 34. fxg4 Ke7 35. h5 Nf6 36. Kg3 Ra3 37. Kh4 Nd7 38. g5 Kf8 39. h6 gxh6 40. gxh6 Nf6 41. Nd4 Ra7 42. Nf5 Ra4+ 43. Kh3 Ra7 44. Nd6 Ne4 45. Nxb7 Ra3 46. Nd6 Rxe3+ 47. Kh4 Nxd6 48. cxd6 Ke8 49. h7 Re4+ 50. Kg5 Re5+ 51. Kh4 Re4+ 52. Kg3 Re3+ 53. Kg2 Re2+ 54. Kg1 Kd7 55. h8=Q Re6 56. Qf8 1-0


[Site "https://www.chess.com"]

[Event "Titled Tuesday Blitz July 4 Early 2023"]
[White "Shapiro, Viktor"]
[Black "Putri, Regita Desyari"]
[WhiteFideId "4175700"]
[BlackFideId "7109083"]
[WhiteElo "2469"]
[BlackElo "2246"]
[Result "1-0"]
[Round "6"]
[TimeControl "180+2"]
[Date "2023.07.04"]
[WhiteClock "0:01:56"]
[BlackClock "0:00:00"]
[Board "171"]

1. c4 Nf6 2. Nc3 e6 3. Nf3 d5 4. d4 Be7 5. Bg5 O-O 6. e3 b6 7. Qc2 Bb7 8. Bxf6 Bxf6 9. cxd5 exd5 10. Rd1 Re8 11. Bd3 g6 12. h4 Nc6 13. a3 Ne7 14. h5 c5 15. hxg6 hxg6 16. Bb5 Rf8 17. dxc5 bxc5 18. Ne4 dxe4 19. Rxd8 Rfxd8 20. Nd2 Nf5 21. Nxe4 Bg7 22. Nxc5 Bxg2 23. Rg1 Bf3 24. Be2 Bxe2 25. Kxe2 Rac8 26. b4 Re8 27. Qa4 Nd4+ 28. Kf1 Nf3 29. Rg3 Nd2+ 30. Kg2 Re7 31. Qa6 Rce8 32. Rg4 1-0


[Site "https://www.chess.com"]